 Dungeon Crawl Stone Soup version 0.31-a0-222-gefeffbb62a (webtiles) character file.

Game seed: 2379269895596995100

872 qw the Chopper (level 8, -1/48 HPs)
             Began as a Gargoyle Fighter on July 4, 2023.
             Was a Follower of Okawaru.
             Slain by a killer bee (4 damage)
             ... on level 5 of the Dungeon.
             The game lasted 00:02:07 (4127 turns).

qw the Chopper (Gargoyle Fighter)                   Turns: 4127, Time: 00:02:07

Health: -1/48      AC: 17    Str: 21 (22) XL:     8   Next: 4%
Magic:  7/11       EV:  9    Int:  9      God:    Okawaru [*.....]
Gold:   158        SH:  5    Dex:  6 (9)  Spells: 7/7 levels left

rFire   + . .        Y - +1 war axe
rCold   . . .        c - +0 buckler
rNeg    + + .        a - +0 chain mail
rPois   inf          l - +0 helmet
rElec   +            (no cloak)
rCorr   .            (no gloves)
SInv    .            (no boots)
Will    .....        (no amulet) Stlth
                     k - ring of positive energy
HPRegen 0.28/turn    n - ring of protection from fire
MPRegen 0.12/turn

%: no passive effects
@: heroic
A: sickness immunity, AC +5, negative energy resistance 1, electricity
resistance, torment resistance 1, petrification resistance
a: Renounce Religion, Heroism


You were on level 5 of the Dungeon.
You worshipped Okawaru.
Okawaru was aware of your devotion.
You visited 1 branch of the dungeon, and saw 5 of its levels.

You collected 158 gold pieces.


Innate Abilities, Weirdness & Mutations

You are immune to sickness and miasma.
Your stone body is resilient. (AC +5)
You are immune to poison.
You resist negative energy. (rN+)
You are resistant to electric shocks. (rElec)
You are resistant to unholy torment.
You are immune to petrification.


   Skills:
 - Level 4.0(9.0) Fighting
 + Level 6.9(11.9) Axes
 - Level 3.2(8.2) Armour
 - Level 1.4(6.4) Dodging
 - Level 3.2(8.2) Shields
 - Level 4.0 Invocations


You had 7 spell levels left.
You didn't know any spells.
Your spell library was empty.

Inventory:

Hand Weapons
 m - a +0 flail
 Y - a +1 war axe (weapon)
Armour
 a - a +0 chain mail (worn)
 c - a +0 buckler (worn)
 l - a +0 helmet (worn)
Jewellery
 k - a ring of positive energy (left hand)
 n - a ring of protection from fire (right hand)
 o - a ring of positive energy
 q - a ring of ice
Potions
 b - a potion of haste {unknown}
 d - 2 potions of might
 f - a potion of curing {unknown}
 g - a potion of mutation {unknown}
 h - a potion of cancellation {unknown}
 i - a potion of lignification {unknown}

Dungeon Overview and Level Annotations

Branches:
Dungeon (5/15)
 Temple: D:4-7

Altars:
Fedhas
Makhleb
Okawaru
Vehumet

Annotations:
D:5 exclusions: centaur and 5 orcs


Message History

You hit the killer bee.
The killer bee is moderately wounded.
You miss the adder. You closely miss the killer bee.
You closely miss the gnoll.
The killer bee stings you but does no damage.
You block the killer bee's attack. The adder barely misses you.
The gnoll hits you but does no damage. The killer bee barely misses you.
The killer bee stings you but does no damage.
You barely miss the killer bee.
The killer bee is moderately wounded.
You slash the gnoll! You miss the adder. You hit the killer bee.
The killer bee stings you. You block the killer bee's attack.
The adder bites you but does no damage. The gnoll hits you with a +0 halberd!
The killer bee closely misses you. You block the killer bee's attack.
The adder closely misses you.
You slash the gnoll!
You kill the gnoll!
Okawaru accepts your kill.
You miss the killer bee. You slash the adder!
You kill the adder!
Okawaru accepts your kill.
You hit the killer bee. You block the killer bee's attack.
The killer bee stings you but does no damage. x4
You miss the killer bee.
The killer bee is moderately wounded.
You miss the killer bee. x2
You feel like a meek peon again.
The killer bee stings you but does no damage.
You block the killer bee's attack.
The killer bee stings you but does no damage. x2
The killer bee stings you. x2
4126 ||| INVOKING Heroism.
You gain the combat prowess of a mighty hero.
The killer bee barely misses you. x2
The killer bee stings you but does no damage. x4
You hit the killer bee.
The killer bee is moderately wounded.
You slash the killer bee! You completely miss the killer bee.
The killer bee stings you.
You die...

............... ###
............... #..
............... #..
............... #..
.............<. #..
....................##..
.......yy............##..
.......y@............##..
.......).)...........###.
.....................# #.
.....................# #.
.....................# #.
.....................###.
..........######...#.....
###....#..# #...#.....
#....#..# #y..#.....


You could see 3 killer bees.

Vanquished Creatures
  2 ogres (D:5)
  A scorpion (D:3)
  3 vampire bats (D:5)
  A howler monkey (D:5)
  A hound (D:5)
  2 jellies
  An orc priest (D:3)
  A sleepcap (D:5)
  Jessica (D:2)
  An iguana (D:3)
  An orc wizard (D:3)
  11 gnolls
  6 adders
  A white imp (D:3)
  An ufetubus (D:5)
  3 worms
  3 dart slugs
  2 orcs (D:3)
  5 ball pythons
  7 endoplasms
  2 giant cockroaches
  9 goblins
  5 hobgoblins
  7 jackals
  3 quokkas
  12 bats
  4 kobolds
  6 rats
102 creatures vanquished.

Notes
Turn   | Place    | Note
-------+----------+-------------------------------------------
     0 | D:1      | qw the Gargoyle Fighter began the quest for the Orb.
     0 | D:1      | Reached XP level 1. HP: 14/14 MP: 1/1
     0 | D:1      | 0 ||| qw: Version: 0.3-a-46-gb1f654a
     0 | D:1      | 0 ||| qw: Game counter: 865
     0 | D:1      | 0 ||| qw: Melee chars always use a shield: true
     0 | D:1      | 0 ||| qw: God list: Okawaru
     0 | D:1      | 0 ||| qw: Allow faded altars: false
     0 | D:1      | 0 ||| qw: Do Orc after clearing Dungeon:15 true
     0 | D:1      | 0 ||| qw: Do second Lair branch before Depths: true
     0 | D:1      | 0 ||| qw: Lair rune preference: random
     0 | D:1      | 0 ||| qw: Goals: Normal, Zot:1-4, Slime:5, God:TSO, Crypt,
                  | Tomb, Abyss, Pan, Hells, Win
     0 | D:1      | 0 ||| PLANNING D:1-11
    58 | D:1      | Reached skill level 2 in Axes
    69 | D:1      | You fall into a shaft and drop 1 floor!
   161 | D:2      | Reached XP level 2. HP: 18/19 MP: 2/2
   217 | D:2      | 217 ||| READING scroll labelled FUSKITEDAE.
   218 | D:2      | 218 ||| READING scroll labelled VITWANK DOMNO.
   377 | D:1      | Reached skill level 3 in Axes
   405 | D:1      | Reached XP level 3. HP: 23/23 MP: 3/3
  1148 | D:2      | Noticed Jessica
  1170 | D:2      | Killed Jessica
  1171 | D:2      | Reached XP level 4. HP: 8/28 MP: 4/4
  1267 | D:2      | 1267 ||| Stepping ~*~*~tactically~*~*~ (hiding).
  1280 | D:2      | Reached skill level 4 in Axes
  1284 | D:2      | HP: 6/28 [gnoll/+0 club (4)]
  1433 | D:2      | Found an iron altar of Okawaru.
  1434 | D:2      | 1434 ||| PLANNING OKAWARU WORSHIP
  1439 | D:2      | Became a worshipper of Warmaster Okawaru
  1440 | D:2      | 1440 ||| PLANNING D:1-11
  1767 | D:2      | 1767 ||| UPGRADING to +0 helmet.
  1772 | D:2      | 1772 ||| UPGRADING to ring of positive energy.
  1773 | D:2      | 1773 ||| READING scroll labelled FOMO IDDOYCU.
  1798 | D:3      | 1798 ||| Stepping ~*~*~tactically~*~*~ (stealth).
  1799 | D:3      | 1799 ||| Stepping ~*~*~tactically~*~*~ (stealth).
  1800 | D:3      | 1800 ||| Stepping ~*~*~tactically~*~*~ (stealth).
  1803 | D:3      | 1803 ||| Stepping ~*~*~tactically~*~*~ (stealth).
  1818 | D:3      | 1818 ||| Stepping ~*~*~tactically~*~*~ (stealth).
  1820 | D:3      | 1820 ||| Stepping ~*~*~tactically~*~*~ (stealth).
  1834 | D:3      | Reached XP level 5. HP: 30/32 MP: 5/5
  1834 | D:3      | 1834 ||| Stepping ~*~*~tactically~*~*~ (stealth).
  1868 | D:3      | Reached skill level 5 in Axes
  1929 | D:3      | 1929 ||| DROPPING +0 club.
  2051 | D:3      | Reached XP level 6. HP: 38/38 MP: 6/6
  2100 | D:3      | 2100 ||| Stepping ~*~*~tactically~*~*~ (stealth).
  2101 | D:3      | 2101 ||| Stepping ~*~*~tactically~*~*~ (stealth).
  2197 | D:3      | Found a blossoming altar of Fedhas.
  2295 | D:3      | 2295 ||| Stepping ~*~*~tactically~*~*~ (hiding).
  2327 | D:3      | Reached * piety under Okawaru
  2328 | D:3      | Reached skill level 1 in Dodging
  2328 | D:3      | 2328 ||| INVOKING Heroism.
  2688 | D:3      | 2688 ||| UPGRADING to +0 chain mail.
  2698 | D:3      | 2698 ||| DROPPING +0 scale mail.
  2699 | D:3      | 2699 ||| UPGRADING to ring of protection from fire.
  2700 | D:3      | 2700 ||| READING scroll labelled ODAEFO BIDOWUXE.
  2701 | D:3      | 2701 ||| READING scroll labelled CEKUSUETRU.
  2702 | D:3      | 2702 ||| READING scroll labelled YDAXZUILEL.
  2703 | D:3      | 2703 ||| DRINKING 2 fuming purple potions.
  2704 | D:3      | 2704 ||| DROPPING potion of degeneration.
  2718 | D:4      | 2718 ||| Stepping ~*~*~tactically~*~*~ (stealth).
  2784 | D:4      | 2784 ||| INVOKING Heroism.
  2785 | D:4      | 2785 ||| INVOKING Heroism.
  2822 | D:4      | 2822 ||| Stepping ~*~*~tactically~*~*~ (stealth).
  2824 | D:4      | 2824 ||| Stepping ~*~*~tactically~*~*~ (stealth).
  3009 | D:4      | 3009 ||| Stepping ~*~*~tactically~*~*~ (hiding).
  3013 | D:4      | 3013 ||| Stepping ~*~*~tactically~*~*~ (hiding).
  3014 | D:4      | 3014 ||| Stepping ~*~*~tactically~*~*~ (hiding).
  3400 | D:4      | Found a burning altar of Makhleb.
  3660 | D:4      | 3660 ||| READING scroll labelled KEXIZU PANKA.
  3681 | D:5      | Entered Level 5 of the Dungeon
  3714 | D:5      | Reached skill level 1 in Invocations
  3715 | D:5      | Reached XP level 7. HP: 42/43 MP: 6/8
  3722 | D:5      | Reached skill level 6 in Axes
  3844 | D:5      | 3844 ||| FLEEEEING.
  3871 | D:5      | Found a radiant altar of Vehumet.
  3947 | D:5      | 3947 ||| INVOKING Heroism.
  3950 | D:5      | 3950 ||| Stepping ~*~*~tactically~*~*~ (stealth).
  3956 | D:5      | Reached skill level 3 in Invocations
  4008 | D:5      | 4008 ||| Stepping ~*~*~tactically~*~*~ (stealth).
  4013 | D:5      | 4013 ||| INVOKING Heroism.
  4037 | D:5      | 4037 ||| Stepping ~*~*~tactically~*~*~ (stealth).
  4038 | D:5      | 4038 ||| Stepping ~*~*~tactically~*~*~ (stealth).
  4054 | D:5      | 4054 ||| Stepping ~*~*~tactically~*~*~ (stealth).
  4061 | D:5      | 4061 ||| INVOKING Heroism.
  4114 | D:5      | 4114 ||| INVOKING Heroism.
  4118 | D:5      | Reached XP level 8. HP: 15/48 MP: 8/11
  4123 | D:5      | HP: 7/48 [gnoll/+0 halberd (9)]
  4125 | D:5      | HP: 2/48 [killer bee (3)]
  4126 | D:5      | 4126 ||| INVOKING Heroism.
  4127 | D:5      | Slain by a killer bee

Levels and vault maps discovered:
D:1:      evilmike_arrival_rings, layout_basic
D:2:      layout_loops_ring, basic_altar, uniq_jessica
D:3:      layout_basic, fedhas_altar_fruit_tree
D:4:      layout_basic, lightli_temple_of_fire
D:5:      layout_basic, nicolae_uskayaw_suspiria,
          mainiacjoe_overflow_concentric_impassable, mainiacjoe_overflow_swirl,
          roderic_batcave, minmay_manual_mandibuliform

Skill      XL: |  1  2  3  4  5  6  7 |
---------------+----------------------+-----
Axes           | 2 3 4 5 6 |  6.9
Fighting       | 4 |  4.0
Dodging        | 1 |  1.4
Invocations    | 1 4 |  4.0
Armour         | |  3.2
Shields        | |  3.2

Action                     |  1- 3 |  4- 6 |  7- 9 || total
---------------------------+-------+-------+-------++-------
  Melee: War axe           |    81 |   186 |    68 ||   335
 Invoke: Heroism           |       |     2 |     5 ||     7
    Use: Scroll            |     2 |     5 |       ||     7
         Potion            |       |     1 |       ||     1
 Armour: Scale mail        |    51 |    88 |       ||   139
         Chain mail        |       |    40 |    59 ||    99
  Dodge: Dodged            |    21 |    92 |    29 ||   142
  Block: Buckler           |    12 |    37 |    25 ||    74

Table legend:
 A = Non-vault XP
 B = Vault XP
 C = Vault XP percentage of total XP
 D = Non-vault monster count
 E = Vault monster count
 F = Vault count percentage of total count
                 A         B        C        D         E       F
            +---------+---------+-------+---------+---------+-------
      Total |    1033 |     213 |  17.1 |      94 |       8 |   7.8
            +---------+---------+-------+---------+---------+-------
        D:1 |      35 |       0 |   0.0 |      19 |       0 |   0.0
        D:2 |      74 |      37 |  33.3 |      18 |       1 |   5.3
        D:3 |     325 |       0 |   0.0 |      29 |       0 |   0.0
        D:4 |      80 |       0 |   0.0 |      14 |       0 |   0.0
        D:5 |     519 |     176 |  25.3 |      14 |       7 |  33.3
            +---------+---------+-------+---------+---------+-------
